 Dungeon Crawl Stone Soup version 0.30-a0-760-g5a9884bb7c (webtiles) character file.

Game seed: 4781119234864283124

2 tilp the Shield-Bearer (level 1, -3/19 HPs)
             Began as a Meteoran Fighter on Feb 10, 2023.
             Slain by Natasha (5 damage)
             ... on level 1 of the Dungeon.
             The game lasted 00:00:30 (66 turns).

tilp the Shield-Bearer (Meteoran Fighter)             Turns: 66, Time: 00:00:31

Health: -3/19      AC:  6    Str: 17    XL:     1   Next: 57%
Magic:  2/2        EV:  9    Int:  9    God:
Gold:   20         SH:  5    Dex: 13    Spells: 0/0 levels left

rFire   . . .      SeeInvis .    a - +0 long sword
rCold   . . .      Faith    .    c - +0 buckler
rNeg    . . .      Spirit   .    b - +0 scale mail
rPois   .          Reflect  .    (no helmet)
rElec   .          Harm     .    (no cloak)
rCorr   .          Rampage  .    (no gloves)
Will    .....                    (no boots) Stlth
                                 (no amulet)
HPRegen 0.23/turn                (no ring)
MPRegen 0.08/turn                (no ring)

@: glowing
A: sense surroundings 1, otherworldly, glowing, explore regen
a: no special abilities


You were on level 1 of the Dungeon.
You visited 1 branch of the dungeon, and saw 2 of its levels.

You collected 20 gold pieces.

Inventory:

Hand Weapons
 a - a +0 long sword (weapon)
Armour
 b - a +0 scale mail (worn)
 c - a +0 buckler (worn)
Potions
 d - a potion of might


   Skills:
 + Level 3.3 Fighting
 * Level 2.5 Long Blades
 + Level 3.6 Armour
 * Level 0.1 Dodging
 * Level 0.0 Stealth
 + Level 3.6 Shields
 * Level 0.3 Spellcasting


You couldn't memorise any spells.
You didn't know any spells.
Your spell library was empty.

Dungeon Overview and Level Annotations

Branches:
Dungeon (2/15) Zot: 1128

Altars:

Annotations:
D:1 Natasha
D:2 Jessica


Innate Abilities, Weirdness & Mutations

You passively map a small area around you.
You are easily found by Zot.
You glow in the dark.
You regain HP and MP as you explore.


Message History

The kobold hits you with a +0 short sword. x2
The kobold attacks as you move away! The kobold misses you.
You block Natasha's attack. Natasha claws you.
Jessica gestures wildly while chanting.
Jessica blinks!
The kobold attacks as you move away! The kobold hits you but does no damage.
The crimson imp blinks!
Natasha wildly gestures.
Natasha shimmers violently.
Natasha claws you.
Natasha mumbles some strange words.
You feel disoriented. The iron imp spits at you.
There is a stone staircase leading up here.
Natasha claws you.
* * * LOW HITPOINT WARNING * * *
Jessica casts a spell.
Jessica seems to speed up.
You climb upwards.
The iron imp disappears in a puff of smoke!
The shadow imp disappears in a puff of smoke!
There is a stone staircase leading down here.
Unknown command.
You slash Natasha!
Natasha is heavily wounded.
Natasha seems less brilliant.
You block Natasha's attack.
You hit Natasha.
Natasha is severely wounded.
Natasha claws you.
* * * LOW HITPOINT WARNING * * *
Natasha casts a spell at you. The magic dart hits you.
* * * LOW HITPOINT WARNING * * *
You miss Natasha.
Natasha is severely wounded.
You block Natasha's attack.
You closely miss Natasha.
Natasha is severely wounded.
Natasha claws you.
You die...

, #### .. .. .... ,
....# ..# * ..... , , ,
.......#.# ..... , *
#.#...##.# ......
#.#....#.## *#...... , ,
, #.........###....... ,
##..........@....... ,
####..........h........
,
,....:..........###....)
, ###.........## , ####
* ####...............
<..#.#......##...... *
...'..............##
8..#....#####.....#
...+......#* .....# *


You could see Natasha.

Vanquished Creatures
  2 hobgoblins (D:2)
2 creatures vanquished.

Notes
Turn   | Place    | Note
-------+----------+-------------------------------------------
     0 | D:1      | tilp the Meteoran Fighter began the quest for the Orb.
     0 | D:1      | Reached XP level 1. HP: 19/19 MP: 2/2
    44 | D:2      | Noticed Natasha
    49 | D:2      | Noticed a crimson imp
    50 | D:2      | Noticed an iron imp
    52 | D:2      | Noticed Jessica
    66 | D:1      | Slain by Natasha

Illustrated notes

Levels and vault maps discovered:
D:1:      minmay_arrival_solitary_statue, layout_rooms,
          nicolae_ecumenical_lake_church
D:2:      layout_rooms, grunt_decor_arrowhead, uniq_jessica, uniq_natasha

Action                     || total
---------------------------++-------
  Melee: Long sword        ||    14
 Armour: Scale mail        ||     5
  Dodge: Dodged            ||     6
  Block: Buckler           ||     4

Table legend: (Time is in decaauts)
 A = Elapsed time spent in this place.
 B = Non-inter-level travel time spent in this place.
 C = Inter-level travel time spent in this place.
 D = Time resting spent in this place.
 E = Time spent auto-exploring this place.
 F = Levels seen in this place.
 G = Mean time per level.
                   A        B        C        D        E       F      G
               +--------+--------+--------+--------+--------+-----+--------+
         Total |     70 |     70 |      0 |      0 |      0 |   2 |   35.0 |
       Dungeon |     70 |     70 |      0 |      0 |      0 |   2 |   35.0 |
               +--------+--------+--------+--------+--------+-----+--------+

Top non-repeatable levels by time:
     D:2: 46 daAuts
     D:1: 24 daAuts
